 Dungeon Crawl Stone Soup version 0.31-a0-810-ga77100ea1a (webtiles) character file.

Game seed: 7387580770516307133

11349 Dittersdorf the Blocker (level 11, -3/73 HPs)
             Began as a Gargoyle Fighter on Sept 21, 2023.
             Was an Elder of Okawaru.
             Slain by Snorg (5 damage)
             ... on level 10 of the Dungeon.
             The game lasted 00:19:11 (10092 turns).

Dittersdorf the Blocker (Gargoyle Fighter)         Turns: 10092, Time: 00:19:12

Health: -3/73      AC: 22    Str: 24    XL:     11   Next: 76%
Magic:  11/11      EV: 10    Int:  9    God:    Okawaru [****..]
Gold:   1047       SH:  6    Dex:  9    Spells: 10/10 levels left

rFire   + . .        b - +1 morningstar (freeze)
rCold   . . .        c - +0 buckler
rNeg    + . .        v - +3 ring mail {rF+}
rPois   ∞            q - +0 helmet
rElec   +            y - +0 cloak
rCorr   +            k - +0 pair of gloves
SInv    .            (no boots)
Will    .....        h - amulet of faith
Stlth   x              - ring of resist corrosion
HPRegen 0.32/turn    e - +4 ring of slaying
MPRegen 0.12/turn

%: faith
@: no status effects
A: sickness immunity, AC +8, negative energy resistance 1, electricity
resistance, torment resistance 1, petrification resistance
a: Renounce Religion, Heroism, Finesse


You were on level 10 of the Dungeon.
You worshipped Okawaru.
Okawaru was greatly pleased with you.
You visited 2 branches of the dungeon, and saw 11 of its levels.
You also visited: Bailey.

You collected 1047 gold pieces.

Inventory:

Hand Weapons
 b - a +1 morningstar of freezing (weapon)
Missiles
 t - 4 curare-tipped darts (quivered)
Armour
 c - a +0 buckler (worn)
 k - a +0 pair of gloves (worn)
 q - a +0 helmet (worn)
 v - a +3 ring mail of fire resistance (worn)
 y - a +0 cloak (worn)
Jewellery
 e - a +4 ring of slaying (right hand)
 h - an amulet of faith (around neck)
 r - a +6 ring of dexterity
 u - a ring of ice
 x - a ring of resist corrosion (left hand)
Wands
 o - a wand of roots (2)
 w - a wand of light (7)
Scrolls
 a - 2 scrolls of identify
 j - 8 scrolls of teleportation
 m - a scroll of brand weapon
 n - a scroll of fog
 s - a scroll of blinking
 C - a scroll of poison
Potions
 d - 2 potions of might
 f - 4 potions of curing
 g - 4 potions of heal wounds
 i - 2 potions of haste
 l - a potion of resistance
 p - 2 potions of magic
 z - 5 potions of brilliance
 A - a potion of mutation
 B - a potion of invisibility


   Skills:
 + Level 10.6 Fighting
 + Level 9.5 Maces & Flails
 + Level 10.6 Armour
 + Level 10.7 Shields


You had 10 spell levels left.
You didn't know any spells.
Your spell library contained the following spells:

 Spells                   Type           Power      Damage    Failure   Level
 Kiss of Death            Conj/Necr      0%         2d5       54%         1
 Sting                    Tmut/Pois      0%         1d3       54%         1
 Dispel Undead            Necr           0%         3d6       100%        4
 Petrify                  Tmut/Erth      0%         N/A       100%        4
 Irradiate                Conj/Tmut      0%         3d11      100%        5
 Sublimation of Blood     Necr           Unusable   N/A       N/A         2
 Infestation              Necr           Unusable   N/A       N/A         8

Dungeon Overview and Level Annotations

Branches:
Dungeon (10/15)            Temple (1/1) D:6            Lair (0/5) D:10
 Bailey (visited)
    Orc: D:9-12

Altars:
Ashenzari
Cheibriados
Dithmenos
Elyvilon
Fedhas
Gozag
Hepliaklqana
Kikubaaqudgha
Makhleb
Nemelex Xobeh
Okawaru
Qazlal
Ru
Sif Muna
Trog
Uskayaw
Vehumet
Wu Jian
Xom
Yredelemnul
Zin
The Shining One

Shops:
D:2 :   D:10 *

Annotations:
D:10 Snorg


Innate Abilities, Weirdness & Mutations

You are immune to sickness and miasma.
Your stone body is resilient. (AC +8)
You are immune to poison.
You resist negative energy. (rN+)
You are resistant to electric shocks. (rElec)
You are resistant to unholy torment.
You are immune to petrification.


Message History

You are too injured to fight recklessly!
You are too injured to fight recklessly!
You are too injured to fight recklessly!
You are too injured to fight recklessly!
You are too injured to fight recklessly!
You are too injured to fight recklessly!
You are too injured to fight recklessly!
You are too injured to fight recklessly!
You are too injured to fight recklessly!
You are too injured to fight recklessly!
Throw: 5 darts (curare)
Press: ? - help, Q - select action, (/) - cycle Shift-Dir - straight line, f - Snorg
Aim: Snorg (heavily wounded, berserk, 63% to hit)
You throw a curare-tipped dart. The curare-tipped dart hits Snorg.
Snorg is poisoned.
Snorg convulses.
Snorg seems to slow down.
Snorg is heavily wounded.
Snorg bites you but does no damage. Snorg barely misses you.
Snorg claws you but does no damage.
You bludgeon Snorg!! You freeze Snorg.
Snorg is severely wounded.
You block Snorg's attack. x2; Snorg barely misses you.
You closely miss Snorg.
Snorg is severely wounded.
Snorg bites you. You block Snorg's attack. Snorg claws you but does no damage.
You hit Snorg. You freeze Snorg.
Snorg is severely wounded.
Snorg bites you! Snorg closely misses you. Snorg barely misses you.
You barely miss Snorg.
Snorg is severely wounded.
Snorg closely misses you. Snorg claws you but does no damage. Snorg claws you!
* * * LOW HITPOINT WARNING * * *
You closely miss Snorg.
Snorg is severely wounded.
Snorg completely misses you. You block Snorg's attack. Snorg claws you!
* * * LOW HITPOINT WARNING * * *
You puncture Snorg! You freeze Snorg.
Snorg is almost dead.
Snorg barely misses you. Snorg claws you but does no damage. Snorg claws you.
You die...

.≈≈_≈≈......)....:...#.##.#.#.#..
.≈≈≈≈≈...........#####.##.#.#.#.#
..≈≈§§.########### #.##.#.#.#.#
....§..# #.##.#.#.#.# #.######
#......#.#.#
#.####################..#.....#.#
#.......................#####.#.#
#.#####################.......#.#
#.#.............@T...#######<....
#.##......##########.# #.####
#.#######.# #.#### #.# #.#
######≈≈ #.# #.# #.≈≈≈...
#.#######.# #.....≈. #.........#
#_.≈≈≈.. ########### #.....≈.
#.≈≈≈...


You could see Snorg (berserk, poisoned, slow).

Vanquished Creatures
  A two-headed ogre (D:9)
  Maggie (D:7)
  Psyche (D:9)
  3 kobold demonologists
  A komodo dragon (D:10)
  A hornet (D:8)
  16 yaks
  A wyvern (D:10)
  Grum (D:10)
  A steam dragon (D:6)
  Menkaure (D:7)
  2 water moccasins
  Duvessa (D:7)
  9 orc warriors
  A black bear (D:10)
  A sky beast (D:8)
  An ice beast (D:7)
  An ogre (D:4)
  3 wolves (D:10)
  4 centaurs
  A phantom (D:6)
  10 kobold brigands
  5 bullfrogs
  5 scorpions
  14 wights
  Dowan (D:7)
  14 killer bees
  4 howler monkeys
  A lava snake (D:10)
  A gnoll bouda (D:6)
  4 jellies
  Crazy Yiuf (D:7)
  4 hounds
  5 orc priests
  4 sleepcaps
  4 iguanas
  6 orc wizards
  3 gnolls
  6 adders
  A shadow imp (D:7)
  2 white imps
  An ufetubus (D:6)
  2 worms
  4 dart slugs
  27 orcs
  4 endoplasms
  3 giant cockroaches
  9 goblins
  9 hobgoblins
  4 jackals (D:5)
  A quokka (D:1)
  6 ball pythons
  A bat (D:1)
  3 frilled lizards
  21 kobolds
  7 rats
249 creatures vanquished.

Vanquished Creatures (collateral kills)
  A steam dragon (D:8)
1 creature vanquished.

Vanquished Creatures (others)
  3 orc wizards
3 creatures vanquished.

Grand Total: 253 creatures vanquished

Notes
Turn   | Place    | Note
-------+----------+-------------------------------------------
     0 | D:1      | Dittersdorf the Gargoyle Fighter began the quest for the
                  | Orb.
     0 | D:1      | Reached XP level 1. HP: 14/14 MP: 1/1
   273 | D:1      | Found a faded altar of an unknown god.
   523 | D:1      | Reached XP level 2. HP: 18/19 MP: 2/2
   742 | D:2      | Found Qatasin's Book Emporium.
   857 | D:2      | Reached XP level 3. HP: 23/23 MP: 3/3
  1557 | D:3      | Reached XP level 4. HP: 26/29 MP: 4/4
  2015 | D:3      | Got a decrepit book
  2338 | D:4      | Reached XP level 5. HP: 30/33 MP: 5/5
  2411 | D:4      | Noticed an ogre
  2418 | D:4      | Killed an ogre
  2419 | D:4      | Reached XP level 6. HP: 24/39 MP: 6/6
  2853 | D:5      | Entered Level 5 of the Dungeon
  3040 | D:5      | Found a snail-covered altar of Cheibriados.
  3320 | D:5      | Found a shimmering blue altar of Sif Muna.
  3348 | D:5      | Reached skill level 5 in Fighting
  3348 | D:5      | Reached skill level 5 in Armour
  3348 | D:5      | Reached skill level 5 in Shields
  3348 | D:5      | Reached XP level 7. HP: 42/44 MP: 7/7
  3348 | D:5      | Noticed a kobold demonologist
  3348 | D:5      | Noticed a kobold demonologist
  3353 | D:5      | Noticed a kobold demonologist
  3358 | D:5      | Noticed a red devil
  3498 | D:5      | Noticed a soul eater
  3498 | D:5      | Noticed a hellwing
  3498 | D:5      | Killed a kobold demonologist
  3522 | D:5      | Noticed a hellwing
  3525 | D:5      | Noticed a rust devil
  3595 | D:5      | Noticed a rust devil
  3633 | D:4      | Noticed a sun demon
  3633 | D:4      | Noticed an orange demon
  3637 | D:4      | Noticed a ynoxinul
  3638 | D:4      | Killed a kobold demonologist
  3639 | D:4      | Reached skill level 5 in Maces & Flails
  3639 | D:4      | Reached XP level 8. HP: 28/51 MP: 8/8
  3744 | D:4      | Killed a kobold demonologist
  4100 | D:5      | Found a blossoming altar of Fedhas.
  4103 | D:5      | Found an ancient bone altar of Kikubaaqudgha.
  4327 | D:5      | Reached XP level 9. HP: 50/56 MP: 9/9
  4830 | D:6      | Found an ornate altar of the Wu Jian Council.
  5022 | D:6      | Found a staircase to the Ecumenical Temple.
  5045 | Temple   | Entered the Ecumenical Temple
  5184 | D:6      | Found a sparkling altar of Nemelex Xobeh.
  5595 | D:7      | Noticed Menkaure
  5678 | D:7      | Killed Menkaure
  5853 | D:7      | Found a hazy altar of Hepliaklqana.
  6016 | D:7      | Noticed Maggie
  6037 | D:7      | Killed Maggie
  6038 | D:7      | Reached XP level 10. HP: 58/64 MP: 10/10
  6062 | D:7      | Identified the +9 rapier of Gusm {drain, rN+ Int+3}
  6144 | D:7      | Noticed Dowan
  6144 | D:7      | Noticed Duvessa
  6178 | D:7      | Killed Duvessa
  6182 | D:7      | Killed Dowan
  6545 | D:7      | Found a runed translucent door.
  6546 | D:7      | Noticed Crazy Yiuf
  6753 | D:7      | Killed Crazy Yiuf
  7782 | D:8      | Found a glowing silver altar of Zin.
  7824 | D:8      | Found an iron altar of Okawaru.
  7832 | D:8      | Became a worshipper of Warmaster Okawaru
  7898 | D:9      | Noticed Psyche
  7955 | D:9      | Found a flagged portal.
  7970 | Bailey   | Entered a bailey
  8068 | Bailey   | Reached XP level 11. HP: 56/71 MP: 11/11
  8078 | Bailey   | Reached * piety under Okawaru
  8334 | Bailey   | Found a bloodstained altar of Trog.
  8507 | D:9      | Reached skill level 10 in Shields
  8512 | D:9      | Reached skill level 10 in Fighting
  8514 | D:9      | Reached ** piety under Okawaru
  8663 | D:9      | Noticed a two-headed ogre
  8670 | D:9      | Killed a two-headed ogre
  8671 | D:9      | Reached skill level 10 in Armour
  8766 | D:9      | Found a broken altar of Ashenzari.
  9109 | D:9      | Killed Psyche
  9312 | D:10     | Entered Level 10 of the Dungeon
  9395 | D:10     | Found a basalt altar of Yredelemnul.
  9418 | D:10     | Found Voyrites's Assorted Antiques.
  9424 | D:10     | Noticed Grum
  9434 | D:10     | Reached *** piety under Okawaru
  9445 | D:10     | Killed Grum
  9572 | D:10     | Found a bloodstained altar of Trog.
  9698 | D:10     | Found a staircase to the Lair.
  9740 | D:10     | Found a radiant altar of Vehumet.
  9775 | D:10     | Reached **** piety under Okawaru
  9781 | D:10     | Found an opulent altar of Gozag.
  9961 | D:10     | Found a hide-covered altar of Uskayaw.
 10078 | D:10     | Noticed Snorg
 10091 | D:10     | HP: 1/73 [Snorg (11)]
 10092 | D:10     | Slain by Snorg

Illustrated notes

Levels and vault maps discovered:
D:1:      minmay_arrival_hallway, layout_loops_ring,
          ebering_ecumenical_altar_ruins, minmay_liquid_box,
          dreamdust_wishing_well
D:2:      layout_basic, serial_shops, nicolae_shop_window_shopping,
          minmay_tromino_v4_a
D:3:      layout_loops_ring
D:4:      layout_gridville, chequers_serial_rivers_room_b
D:5:      layout_cave_pods, grunt_temple_overflow_growth_and_decay,
          mainiacjoe_overflow_chevrons, nicolae_overflow_crystal_walls
D:6:      layout_cave_pools, mainiacjoe_overflow_boulevard,
          lemuel_crystal_altar, minmay_temple_entry_statues
D:7:      layout_cave_pools, mainiacjoe_overflow_small_starburst,
          uniq_crazy_yiuf_cottage, uniq_menkaure, uniq_maggie, uniq_duvessa
D:8:      layout_cave_pools, kennysheep_okawaru_gauntlet, kennysheep_mini,
          serial_column_ruins, column_ruins_open_small, column_ruins_grid_1,
          column_ruins_open_small, column_ruins_grid_1, column_ruins_open_tiny
D:9:      layout_irregular_city, amcnicky_altar_gilded, enter_bailey_4,
          uniq_psyche
D:10:     layout_basic, mainiacjoe_overflow_catwalk,
          mainiacjoe_overflow_cross_hatched,
          mainiacjoe_overflow_concentric_impassable,
          mainiacjoe_overflow_alcove_4, nicolae_uskayaw_suspiria,
          due_lair_maze_entry_diamond, serial_shops, shop, minmay_misc_feat_iff,
          uniq_snorg, uniq_grum
Temple:   hellmonk_temple_beads

Skill      XL: |  1  2  3  4  5  6  7  8  9 10 11 |
---------------+----------------------------------+-----
Fighting       | 4 5 6 8 9 10 | 10.6
Armour         | 4 5 6 8 9 10 | 10.6
Shields        | 4 5 6 8 9 10 | 10.7
Maces & Flails | 3 4 5 7 8 9 |  9.5

Action                     |  1- 3 |  4- 6 |  7- 9 | 10-12 || total
---------------------------+-------+-------+-------+-------++-------
  Melee: Flail             |   132 |   136 |   283 |   223 ||   774
         Morningstar       |       |       |       |   207 ||   207
         Unarmed           |       |       |       |     3 ||     3
  Throw: Dart              |       |     3 |     7 |    16 ||    26
    Use: Scroll            |       |       |    13 |     5 ||    18
         Potion            |       |       |       |     8 ||     8
 Armour: Scale mail        |    13 |       |       |       ||    13
         Ring mail         |    68 |   130 |   356 |   394 ||   948
         Skin              |       |       |       |     5 ||     5
  Dodge: Dodged            |    72 |    91 |   210 |   267 ||   640
  Block: Buckler           |    30 |    46 |    84 |   168 ||   328

Table legend: (Time is in decaauts)
 A = Elapsed time spent in this place.
 B = Non-inter-level travel time spent in this place.
 C = Inter-level travel time spent in this place.
 D = Time resting spent in this place.
 E = Time spent auto-exploring this place.
 F = Levels seen in this place.
 G = Mean time per level.
                   A        B        C        D        E       F      G
               +--------+--------+--------+--------+--------+-----+--------+
         Total |  10234 |   9790 |    444 |   1452 |   5860 |  12 |  852.8 |
       Dungeon |   9780 |   9382 |    398 |   1294 |   5841 |  10 |  978.0 |
        Temple |     47 |      1 |     46 |      0 |      0 |   1 |   47.0 |
        Bailey |    406 |    406 |      0 |    158 |     19 |   1 |  406.0 |
               +--------+--------+--------+--------+--------+-----+--------+

Top non-repeatable levels by time:
     D:5: 1474 daAuts
     D:7: 1460 daAuts
     D:9: 1026 daAuts
     D:4: 947 daAuts
     D:2: 909 daAuts
     D:8: 904 daAuts
     D:6: 901 daAuts
    D:10: 784 daAuts
     D:3: 700 daAuts
     D:1: 671 daAuts
  Bailey: 406 daAuts
  Temple: 47 daAuts
